 Dungeon Crawl Stone Soup version 0.19-a0-892-g8a19e52 (webtiles) character file.

170545 Moloch the Brawler (level 17, -4/129 HPs)
             Began as a Demonspawn Fighter on July 4, 2016.
             Was a High Priest of Cheibriados.
             Shot with an arrow by a deep elf master archer (7 damage)
             ... on level 3 of the Elven Halls.
             The game lasted 01:29:22 (26464 turns).

Moloch the Brawler (Demonspawn Fighter)            Turns: 26464, Time: 01:29:23

Health: -4/129     AC: 15    Str: 33    XL:     17   Next: 37%
Magic:  3/21       EV: 21    Int: 24    God:    Cheibriados [*****.]
Gold:   1681       SH: 22    Dex: 39    Spells: 1 memorised, 12 levels left

rFire  + . .     SeeInvis .       - Unarmed
rCold  + . .     Gourm    .     F - +0 troll leather armour
rNeg   + . .     Faith    .     g - +2 shield
rPois  .         Spirit   .     (helmet restricted)
rElec  +         Dismiss  .     J - +0 cloak of the Ladybird {rF+}
rCorr  .         Reflect  +     (gloves unavailable)
SustAt .         Harm     .     m - +3 pair of boots of Elop {rElec rF- Regen+}
MR     ++...     Clarity  +     B - +2 amulet of reflection
Stlth  +++....... Rnd*Tele +    E - ring of Ropizes {rElec MR+ MP-9 Dex+2}
                                L - +6 ring of dexterity

@: very slow, very resistant to hostile enchantments, fairly stealthy
A: antennae 1, claws 3, fangs 1, talons 1, molten scales 3, clarity, cold
resistance 1, demonic guardian 2, deterioration 1, high mp 1, negative energy
resistance 1, screaming 1, 50% torment resistance, teleportitis 1, freezing
cloud immunity, subdued magic 2
a: Bend Time, Temporal Distortion, Slouch, Step From Time, Renounce Religion


You were on level 3 of the Elven Halls.
You worshipped Cheibriados.
Cheibriados was extremely pleased with you.
You were not hungry.

You visited 5 branches of the dungeon, and saw 27 of its levels.
You also visited: Labyrinth, Ossuary, Bailey and Ice Cave.

You collected 2756 gold pieces.
You spent 1075 gold pieces at shops.

Inventory:

Armour
 g - a +2 shield (worn)
 m - the +3 pair of boots of Elop (worn) {rElec rF- Regen+}
   (You found it in a bailey)

   It makes you vulnerable to fire.
   It insulates you from electricity.
   It increases your rate of regeneration.
 D - a +0 cloak
 F - a +0 troll leather armour (worn)
 J - the +0 cloak of the Ladybird (worn) {rF+}
   (You acquired it on level 2 of the Elven Halls)

   It protects you from fire.
 S - a +4 plate armour of fire resistance
Jewellery
 j - an uncursed ring of resist corrosion
 B - a +2 amulet of reflection (around neck)
 E - the ring of Ropizes (right claw) {rElec MR+ MP-9 Dex+2}
   (You bought it in a shop on level 2 of the Orcish Mines)

   [ring of protection from magic]

   It affects your dexterity (+2).
   It insulates you from electricity.
   It affects your resistance to hostile enchantments.
   It affects your magic capacity (-9).
 L - a +6 ring of dexterity (left claw)
 T - an uncursed ring of flight
Wands
 H - a wand of confusion (27/48)
 O - a wand of lightning (9/15)
 R - a wand of iceblast (6/15)
 U - a wand of teleportation (4/9)
 V - a wand of paralysis (15/24)
Scrolls
 b - 5 scrolls of amnesia
 c - a scroll of summoning
 i - 5 scrolls of enchant armour
 t - 2 scrolls of fear
 u - 15 scrolls of remove curse
 v - a scroll of enchant weapon
 y - 3 scrolls of blinking
 z - 2 scrolls of magic mapping
 A - 11 scrolls of identify
 G - a scroll of recharging
 I - a scroll of fog
 P - a scroll of teleportation
 W - a scroll of silence
Potions
 d - 4 potions of might
 e - 3 potions of cancellation
 l - 2 potions of invisibility
 n - 2 potions of flight
 o - 2 potions of lignification
 p - 7 potions of curing
 q - 5 potions of brilliance
 w - 5 potions of resistance
 x - a potion of ambrosia
 C - a potion of agility
 K - 2 potions of magic
 Q - 3 potions of heal wounds
Books
 M - a book of Necromancy

   Spells                             Type                      Level
   a - Pain                           Necromancy                   1
   b - Animate Skeleton               Necromancy                   1
   c - Vampiric Draining              Necromancy                   3
   d - Regeneration                   Charms/Necromancy            3
   e - Animate Dead                   Necromancy                   4
   f - Control Undead                 Necromancy                   4
 N - a book of Maledictions

   Spells                             Type                      Level
   a - Corona                         Hexes                        1
   b - Ensorcelled Hibernation        Hexes/Ice                    2
   c - Confuse                        Hexes                        3
   d - Tukima's Dance                 Hexes                        3
   e - Dazzling Spray                 Conjuration/Hexes            3
Comestibles
 a - 4 chunks of flesh
 f - 9 bread rations
 h - 10 slices of pizza
 k - 19 fruits
 r - 15 meat rations
 s - 9 beef jerkies
 X - a royal jelly


   Skills:
 - Level 10.7 Fighting
   Level 2.1 Axes
 - Level 9.1 Armour
 - Level 7.7 Dodging
 + Level 15.1 Shields
 + Level 16.7 Unarmed Combat
 - Level 1.4 Spellcasting
 - Level 1.0 Transmutations
 * Level 14.7 Invocations


You had 12 spell levels left.
You knew the following spells:

 Your Spells              Type           Power        Failure   Level  Hunger
a - Statue Form           Tmut/Erth      #........    100%        6    #######


Dungeon Overview and Level Annotations

Branches:
Dungeon (15/15)            Temple (1/1) D:5            Lair (6/6) D:8
  Swamp (0/4) Lair:3       Spider (0/4) Lair:2        Slime (0/5) Lair:5
    Orc (2/2) D:9             Elf (3/3) Orc:2        Vaults (0/5) D:13
 Depths (0/5) D:15

Altars:
Ashenzari
Cheibriados
Dithmenos
Elyvilon
Fedhas
Gozag
Hepliaklqana
Kikubaaqudgha
Makhleb
Nemelex Xobeh
Okawaru
Pakellas
Qazlal
Ru
Sif Muna
Trog
Uskayaw
Vehumet
Xom
Yredelemnul
Zin
The Shining One
Beogh
Jiyva

Shops:
D:9 %:[*   Orc:2 *(=[   Elf:1 :   Elf:2 !


Innate Abilities, Weirdness & Mutations

You have claws for hands.
You are completely covered in molten scales. (AC +4, EV -1, rF+)
Your flesh is cold resistant. (rC+)
A demonic guardian rushes to your aid.
You resist negative energy. (rN+)
You are somewhat able to resist unholy torments (1 in 2 success).
You are immune to freezing clouds.
You have a pair of small antennae on your head.
You have very sharp teeth.
You have sharp toenails.
You possess an exceptional clarity of mind.
Your body sometimes deteriorates upon taking damage.
You have an increased reservoir of magic. (+10% MP)
You occasionally shout uncontrollably at your foes.
You are occasionally teleported next to monsters.
Your spells are easier to cast, but less powerful.


Message History

The deep elf elementalist hits you but does no damage.
The deep elf master archer shoots an arrow.
You reflect the arrow off an invisible shield around you!
The arrow closely misses the deep elf elementalist.
The arrow misses the deep elf master archer.
The arrow barely misses the deep elf sorcerer.
The deep elf elementalist shouts! x2; The deep elf high priest shouts!
A deep elf annihilator comes into view. It is wielding a short sword.
The deep elf annihilator shouts!
You hear a shout!
You see here an arrow.
The deep elf elementalist completely misses you.
You block the deep elf elementalist's attack.
The deep elf master archer shoots an arrow.
The arrow hits you!!
* * * LOW HITPOINT WARNING * * *
The deep elf elementalist gestures wildly while chanting.
The deep elf elementalist seems to speed up.
The deep elf master archer shoots an arrow.
The arrow hits you!
You die...

..#.# ..#
..#.###
.###.e#
..#...#
...ee.##
..'...#
..e...##
..#####
#$e(...##
..#
##)......#
.##
##.ee))...#
##
##..e))..(.#
#
#..@#(.)).##
#...###)))##
##.. ##(##
##. ### ##


You could see a deep elf master archer, a deep elf annihilator, a deep elf
sorcerer, 3 deep elf elementalists, a deep elf demonologist and a deep elf high
priest.

Vanquished Creatures
  Saint Roka (Orc:2)
  Asterion (Elf:1)
  A deep elf master archer (Elf:3)
  Frances (Elf:1)
  A deep elf blademaster (Elf:3)
  Roxanne (Elf:1)
  3 deep elf sorcerers
  Maud (D:13)
  An orc warlord (Orc:1)
  3 deep elf elementalists
  2 deep elf demonologists (Elf:3)
  3 deep elf annihilators (Elf:3)
  3 deep elf death magi (Elf:3)
  A minotaur (Lab)
  A deep elf high priest (Elf:1)
  A yaktaur captain (D:15)
  4 hydras
  6 centaur warriors
  A death knight (D:15)
  A tengu warrior (D:15)
  7 death yaks (Lair:6)
  20 dancing weapons
  3 orc high priests
  Nergalle (Orc:2)
  Urug (Orc:1)
  The ghost of Amnesiac the Zephyrmancer, a novice HEAE of Sif Muna (Bailey)
  A skeletal warrior (D:15)
  18 deep elf knights
  3 unseen horrors
  A phantasmal warrior (D:15)
  A harpy (shapeshifter) (D:15)
  9 deep elf archers
  5 orc knights
  A necromancer (IceCv)
  51 deep elf magi
  3 hill giants (D:13)
  A wolf spider zombie (D:15)
  4 orc sorcerers
  2 manticores (D:14)
  8 ugly things
  A cyclops (D:15)
  3 centaur zombies
  An octopode (shapeshifter) (D:13)
  2 black mambas
  3 ice statues (IceCv)
  2 torpor snails
  5 gargoyles
  10 spiny frogs
  An efreet (D:15)
  6 komodo dragons
  A rime drake (Lair:6)
  A yaktaur (D:15)
  2 kobold demonologists
  7 ice devils (IceCv)
  3 freezing wraiths (D:15)
  2 tengu conjurers
  3 polar bears (Lair:6)
  3 meliai (D:14)
  A jumping spider (Lair:2)
  4 trolls
  2 two-headed ogres
  7 blink frogs
  4 redbacks (Lab)
  2 shadows
  Sigmund (D:3)
  3 air elementals
  3 water elementals
  The ghost of Fubayashi the Digger, an amateur GrEE (D:3)
  15 spriggans (Lair:6)
  2 wraiths
  47 yaks
  2 wyverns
  Eustachio (D:4)
  3 fire elementals
  5 basilisks
  17 humans
  11 hippogriffs
  6 wargs
  10 hungry ghosts
  11 vampire mosquitoes
  A mottled dragon (D:14)
  15 water moccasins
  8 porcupines
  52 orc warriors
  4 ice beasts
  A black bear (shapeshifter) (D:9)
  6 wasps
  7 black bears
  2 boggarts (Lair:6)
  2 sky beasts
  10 centaurs
  An eye of draining (D:9)
  15 ogres
  2 phantoms
  26 wolves
  8 crocodiles
  4 big kobolds
  A wyvern zombie (D:8)
  21 giant frogs
  3 water moccasin zombies (Ossuary)
  A wyvern skeleton (D:14)
  4 scorpions
  3 killer bees (D:9)
  9 wights
  4 howler monkeys
  3 electric eels
  4 crimson imps
  A troll skeleton (Lab)
  2 draconian simulacra (IceCv)
  2 giant frog zombies
  2 quasits
  19 orc priests
  10 hounds
  3 jellies
  Crazy Yiuf (D:6)
  2 giant frog skeletons
  2 gnoll shamans (D:7)
  6 centaur skeletons
  6 iguanas
  27 orc wizards
  11 worker ants
  A spriggan simulacrum (IceCv)
  3 troll simulacra (IceCv)
  32 sheep
  A centaur simulacrum (IceCv)
  An ogre skeleton (Lab)
  A hound skeleton (D:4)
  2 mummies (Ossuary)
  A worker ant zombie (D:7)
  16 gnolls
  51 river rats
  12 adders
  An ogre simulacrum (IceCv)
  2 naga simulacra (IceCv)
  2 shadow imps
  12 white imps (D:15)
  2 oozes
  6 adder zombies
  An adder skeleton (D:5)
  4 worms
  4 dart slugs
  6 giant geckos
  96 orcs
  4 giant cockroaches
  3 gnoll zombies (Ossuary)
  18 goblins
  16 hobgoblins
  12 jackals
  25 kobolds
  6 quokkas
  4 bats
  A giant gecko zombie (D:8)
  6 giant newts
  6 hobgoblin zombies (Ossuary)
  A jackal skeleton (D:5)
  7 kobold zombies (Ossuary)
  2 orc zombies (Ossuary)
  8 rats
1079 creatures vanquished.

Vanquished Creatures (collateral kills)
  2 dancing weapons (Elf:3)
  A hill giant (D:13)
  A cyclops (D:11)
  A deep elf mage (Elf:2)
  A water elemental (Elf:2)
  A yak (D:11)
  A hippogriff (D:5)
  A vampire mosquito (D:15)
  A water moccasin (Lair:3)
  2 ogres
  A centaur (D:8)
  2 orc wizards (Orc:2)
  2 sheep
  A hound skeleton (D:5)
  An orc (D:6)
  A ball python (D:5)
20 creatures vanquished.

Vanquished Creatures (others)
  A deep elf annihilator (Elf:1)
  A dancing weapon (Elf:2)
  A tengu warrior (D:13)
  2 deep elf archers (Elf:2)
  A deep elf mage (Elf:2)
  A cyclops (D:15)
  2 centaurs
  5 sheep (D:3)
  4 orcs
  A kobold (D:10)
  12 fungi
  2 plants
33 creatures vanquished.

Grand Total: 1132 creatures vanquished

Notes
Turn   | Place    | Note
-------+----------+-------------------------------------------
     0 | D:1      | Moloch the Demonspawn Fighter began the quest for the Orb.
     0 | D:1      | Reached XP level 1. HP: 18/18 MP: 1/1
    39 | D:1      | Gained mutation: A weak demonic guardian rushes to your aid. [demonic ancestry]
    39 | D:1      | Reached XP level 2. HP: 23/24 MP: 2/2
   509 | D:1      | Gained mutation: You have sharp fingernails. [demonic ancestry]
   509 | D:1      | Reached XP level 3. HP: 29/30 MP: 3/3
   697 | D:2      | Reached skill level 1 in Unarmed Combat
   919 | D:2      | Gained mutation: You have very sharp fingernails. [demonic ancestry]
   919 | D:2      | Reached XP level 4. HP: 31/37 MP: 4/4
   981 | D:2      | Reached skill level 2 in Unarmed Combat
  1091 | D:2      | Found an opulent altar of Gozag.
  1696 | D:3      | Noticed Fubayashi's ghost (amateur GrEE)
  1714 | D:3      | Killed Fubayashi's ghost
  1714 | D:3      | Reached skill level 3 in Unarmed Combat
  1714 | D:3      | Reached XP level 5. HP: 38/42 MP: 5/5
  1859 | D:3      | Found a shimmering altar of Xom.
  1959 | D:3      | Reached skill level 4 in Unarmed Combat
  2188 | D:3      | Noticed Sigmund
  2195 | D:3      | Killed Sigmund
  2195 | D:3      | Reached skill level 5 in Unarmed Combat
  2195 | D:3      | Gained mutation: You have claws for hands. [demonic ancestry]
  2195 | D:3      | Reached XP level 6. HP: 43/48 MP: 6/6
  2287 | D:3      | Found a deep blue altar of Sif Muna.
  2302 | D:3      | Found a hide-covered altar of Uskayaw.
  2709 | D:4      | Found a shadowy altar of Dithmenos.
  2717 | D:4      | Noticed Eustachio
  2730 | D:4      | Killed Eustachio
  2730 | D:4      | Reached skill level 6 in Unarmed Combat
  2847 | D:4      | Reached XP level 7. HP: 54/54 MP: 7/7
  3143 | D:5      | Entered Level 5 of the Dungeon
  3150 | D:5      | Found a staircase to the Ecumenical Temple.
  3160 | Temple   | Entered the Ecumenical Temple
  3264 | Temple   | Became a worshipper of Ru the Awakened
  3514 | D:5      | Reached skill level 7 in Unarmed Combat
  4030 | D:6      | Reached skill level 8 in Unarmed Combat
  4030 | D:6      | Gained mutation: Your flesh is cold resistant. (rC+) [demonic ancestry]
  4030 | D:6      | Reached XP level 8. HP: 10/60 MP: 8/8
  4428 | D:6      | Found a bloodstained altar of Trog.
  4491 | D:6      | Reached skill level 9 in Unarmed Combat
  4593 | Temple   | Fell from the grace of Ru
  4613 | Temple   | Became a worshipper of Cheibriados the Contemplative
  4737 | D:6      | Found a runed door.
  5105 | D:6      | Noticed Crazy Yiuf
  5109 | D:6      | Killed Crazy Yiuf
  5241 | D:7      | Reached skill level 10 in Unarmed Combat
  5257 | D:7      | Reached * piety under Cheibriados
  5377 | D:7      | Gained mutation: You are partially covered in molten scales. (AC +1) [demonic ancestry]
  5377 | D:7      | Reached XP level 9. HP: 65/65 MP: 9/9
  5436 | D:7      | Reached ** piety under Cheibriados
  6069 | D:8      | Reached skill level 1 in Dodging
  6137 | D:8      | Reached skill level 5 in Fighting
  6172 | D:8      | Found a basalt altar of Yredelemnul.
  6271 | D:8      | Found a sand-covered staircase.
  6279 | Ossuary  | Entered an ossuary
  6505 | Ossuary  | Reached skill level 11 in Unarmed Combat
  6607 | D:8      | Found a staircase to the Lair.
  6747 | D:8      | Reached *** piety under Cheibriados
  6755 | D:8      | Found an oddly glowing altar of Pakellas.
  6837 | D:8      | Reached XP level 10. HP: 74/74 MP: 10/10
  7336 | D:9      | Reached skill level 1 in Invocations
  7340 | D:9      | Reached skill level 5 in Shields
  7482 | D:9      | Gained mutation: Your body sometimes deteriorates upon taking damage. [mutagenic meat]
  7493 | D:9      | Found a staircase to the Orcish Mines.
  7533 | D:9      | Reached **** piety under Cheibriados
  7564 | D:9      | Found a glowing silver altar of Zin.
  7574 | D:9      | Found Meaxku's Book Emporium.
  7574 | D:9      | Found Yczeomno's Assorted Antiques.
  7574 | D:9      | Found Cumyob's Antique Armour Emporium.
  7580 | D:9      | Bought a dented citrine amulet for 100 gold pieces
  7582 | D:9      | Found Ubbuf's Food Emporium.
  7915 | D:9      | Reached skill level 5 in Armour
  8058 | Orc:1    | Entered Level 1 of the Orcish Mines
  8179 | Orc:1    | Found a roughly hewn altar of Beogh.
  8252 | Orc:1    | Found a roughly hewn altar of Beogh.
  8310 | Orc:1    | Reached ***** piety under Cheibriados
  8654 | Lair:1   | Entered Level 1 of the Lair of Beasts
  8797 | Lair:1   | Gained mutation: You resist negative energy. (rN+) [demonic ancestry]
  8797 | Lair:1   | Reached XP level 11. HP: 81/83 MP: 14/14
  8812 | Lair:1   | Reached skill level 5 in Invocations
  8823 | Lair:1   | Found a labyrinth entrance.
  8832 | Lab      | Entered a labyrinth
 10262 | Lab      | Reached ****** piety under Cheibriados
 10659 | Lab      | Noticed a minotaur
 10668 | Lab      | Killed a minotaur
 10816 | Lair:1   | Reached skill level 12 in Unarmed Combat
 11142 | Lair:1   | Noticed a six-headed hydra
 11156 | Lair:1   | Killed a 12-headed hydra
 11908 | Lair:2   | Found a hole to the Spider Nest.
 12093 | Lair:3   | Gained mutation: You are mostly covered in molten scales. (AC +3, EV -1) [demonic ancestry]
 12093 | Lair:3   | Reached XP level 12. HP: 92/92 MP: 17/17
 12105 | Lair:3   | Noticed a four-headed hydra
 12118 | Lair:3   | Killed a six-headed hydra
 12505 | Lair:3   | Found a staircase to the Swamp.
 13839 | Lair:5   | Noticed a six-headed hydra
 13844 | Lair:5   | Killed a six-headed hydra
 14076 | Lair:5   | Found a viscous altar of Jiyva.
 14076 | Lair:5   | Found a staircase to the Slime Pits.
 14473 | Lair:6   | Entered Level 6 of the Lair of Beasts
 14747 | Lair:6   | Reached XP level 13. HP: 100/100 MP: 20/20
 14960 | Lair:6   | Gained mutation: Your system is resistant to poisons. (rPois) [potion of mutation]
 14960 | Lair:6   | Gained mutation: You are robust. (+10% HP) [potion of mutation]
 14979 | Lair:6   | Reached skill level 10 in Invocations
 15006 | Lair:6   | Reached skill level 13 in Unarmed Combat
 16045 | Lair:6   | Reached skill level 10 in Shields
 16277 | Orc:2    | Entered Level 2 of the Orcish Mines
 16285 | Orc:2    | Reached skill level 5 in Dodging
 16298 | Orc:2    | Noticed Saint Roka
 16724 | Orc:2    | Killed Saint Roka
 16724 | Orc:2    | Reached XP level 14. HP: 62/119 MP: 12/22
 16858 | Orc:2    | Found a staircase to the Elven Halls.
 16913 | Orc:2    | Noticed Urug
 17036 | Orc:2    | Noticed Nergalle
 17113 | Orc:2    | Killed Nergalle
 17185 | Orc:2    | Noticed an orc warlord
 17212 | Orc:1    | Killed an orc warlord
 17478 | Orc:1    | Killed Urug
 17506 | Orc:2    | Found a roughly hewn altar of Beogh.
 17559 | Orc:2    | Found Haluoh's Antique Weapon Shoppe.
 17828 | Orc:2    | Reached skill level 14 in Unarmed Combat
 17865 | Orc:2    | Found Keiss's Antique Armour Shoppe.
 17872 | Orc:2    | Bought a pair of embroidered boots for 103 gold pieces
 17970 | Orc:2    | Found Uwot's Jewellery Shoppe.
 17985 | Orc:2    | Found Fuleqoda's General Store.
 18019 | Orc:2    | Bought the ring of Ropizes {rElec MR+ MP-9 Dex+2} for 691 gold pieces
 18089 | D:10     | Entered Level 10 of the Dungeon
 18132 | D:10     | Reached skill level 10 in Fighting
 18192 | D:10     | Found a flagged portal.
 18197 | Bailey   | Entered a bailey
 18246 | Bailey   | Found an iron altar of Okawaru.
 18442 | Bailey   | Noticed Amnesiac's ghost (novice HEAE)
 18451 | Bailey   | Killed Amnesiac's ghost
 18506 | Bailey   | Got a pair of ichor-stained boots
 18517 | Bailey   | Identified the +3 pair of boots of Elop {rElec rF- Regen+} (You found it in a bailey)
 18816 | D:10     | Lost mutation: Your system is resistant to poisons. (rPois) [mutagenic meat]
 20950 | D:12     | Gained mutation: Armour fits poorly on your strangely shaped body. [mutagenic meat]
 20953 | D:12     | Gained mutation: You expend magic power (3 MP) to strengthen your wands. [mutagenic meat]
 20956 | D:12     | Gained mutation: You tend to lose your temper in combat. [mutagenic meat]
 21105 | D:12     | Gained mutation: You are resistant to hostile enchantments. (MR+) [potion of mutation]
 21105 | D:12     | Gained mutation: You are weak. (Str -2) [potion of mutation]
 21106 | D:12     | Gained mutation: Your flesh is heat resistant. (rF+) [potion of mutation]
 21106 | D:12     | Gained mutation: You are very robust. (+20% HP) [potion of mutation]
 21106 | D:12     | Lost mutation: You are resistant to hostile enchantments. (MR+) [potion of mutation]
 21107 | D:12     | Lost mutation: Armour fits poorly on your strangely shaped body. [potion of cure mutation]
 21107 | D:12     | Lost mutation: Your flesh is heat resistant. (rF+) [potion of cure mutation]
 21107 | D:12     | Lost mutation: You are weak. (Str -2) [potion of cure mutation]
 21107 | D:12     | Lost mutation: You expend magic power (3 MP) to strengthen your wands. [potion of cure mutation]
 21107 | D:12     | Lost mutation: Your body sometimes deteriorates upon taking damage. [potion of cure mutation]
 21107 | D:12     | Lost mutation: You tend to lose your temper in combat. [potion of cure mutation]
 21151 | D:13     | Found a gate to the Vaults.
 21187 | D:13     | Gained mutation: You are completely covered in molten scales. (AC +4, EV -1, rF+) [mutagenic meat]
 21190 | D:13     | Lost mutation: You are very robust. (+20% HP) [mutagenic meat]
 21193 | D:13     | Gained mutation: You have a pair of small antennae on your head. [mutagenic meat]
 21196 | D:13     | Lost mutation: You are robust. (+10% HP) [mutagenic meat]
 21233 | D:13     | Noticed Maud
 21238 | D:13     | Killed Maud
 21322 | D:13     | Gained mutation: Your flesh is very cold resistant. (rC++) [mutagenic meat]
 21325 | D:13     | Gained mutation: You have large cloven feet. [mutagenic meat]
 21328 | D:13     | Gained mutation: You are weak. (Str -2) [mutagenic meat]
 21387 | D:13     | Gained mutation: You are somewhat able to resist unholy torments (1 in 2 success). [demonic ancestry]
 21387 | D:13     | Reached XP level 15. HP: 98/115 MP: 15/24
 22506 | D:15     | Entered Level 15 of the Dungeon
 22603 | D:15     | Lost mutation: You are weak. (Str -2) [mutagenic meat]
 22606 | D:15     | Gained mutation: Your body sometimes deteriorates upon taking damage. [mutagenic meat]
 22609 | D:15     | Gained mutation: You are dopey. (Int -2) [mutagenic meat]
 22612 | D:15     | Lost mutation: Your flesh is very cold resistant. (rC++) [mutagenic meat]
 22615 | D:15     | Gained mutation: You are occasionally teleported next to monsters. [mutagenic meat]
 22645 | D:15     | Found a frozen archway.
 22660 | D:15     | Gained mutation: You are resistant to hostile enchantments. (MR+) [potion of mutation]
 22660 | D:15     | Gained mutation: You occasionally shout uncontrollably at your foes. [potion of mutation]
 22660 | D:15     | Lost mutation: You are dopey. (Int -2) [potion of mutation]
 22661 | D:15     | Gained mutation: You evolve. [potion of mutation]
 22662 | D:15     | Lost mutation: You have large cloven feet. [potion of cure mutation]
 22662 | D:15     | Lost mutation: You are resistant to hostile enchantments. (MR+) [potion of cure mutation]
 22663 | D:15     | Gained mutation: Your natural rate of healing is unusually fast. [potion of mutation]
 22663 | D:15     | Gained mutation: You have sharp toenails. [potion of mutation]
 22663 | D:15     | Gained mutation: You have very sharp teeth. [potion of mutation]
 22686 | IceCv    | Entered an ice cave
 22822 | IceCv    | Reached skill level 15 in Unarmed Combat
 23033 | D:15     | Found a staircase to the Depths.
 23415 | D:15     | Lost mutation: Your natural rate of healing is unusually fast. [evolution]
 23656 | Elf:1    | Entered Level 1 of the Elven Halls
 23796 | Elf:1    | Found Noetubyth's Book Shop.
 23799 | Elf:1    | Found an ancient bone altar of Kikubaaqudgha.
 24038 | Elf:1    | Noticed Roxanne
 24054 | Elf:1    | Killed Roxanne
 24081 | Elf:1    | Learned a level 6 spell: Statue Form
 24093 | Elf:1    | Noticed Asterion
 24107 | Elf:1    | Killed Asterion
 24382 | Elf:1    | Reached skill level 1 in Spellcasting
 24416 | Elf:1    | Reached skill level 1 in Transmutations
 24416 | Elf:1    | Gained mutation: You are immune to freezing clouds. [demonic ancestry]
 24416 | Elf:1    | Reached XP level 16. HP: 85/124 MP: 16/25
 24580 | Elf:1    | Noticed Frances
 24589 | Elf:1    | Killed Frances
 25025 | Elf:2    | Found a runed gate.
 25025 | Elf:2    | Found a runed gate.
 25025 | Elf:2    | Found a runed gate.
 25090 | Elf:2    | Found Lethrykko's Distillery.
 25107 | Elf:2    | Bought a potion of mutation for 32 gold pieces
 25107 | Elf:2    | Bought a potion of mutation for 32 gold pieces
 25107 | Elf:2    | Gained mutation: Your spells are a little easier to cast, but a little less powerful. [potion of mutation]
 25107 | Elf:2    | Gained mutation: You possess an exceptional clarity of mind. [potion of mutation]
 25108 | Elf:2    | Gained mutation: Your spells are easier to cast, but less powerful. [potion of mutation]
 25109 | Elf:2    | Bought a potion of heal wounds for 65 gold pieces
 25109 | Elf:2    | Bought a potion of might for 52 gold pieces
 25332 | Elf:2    | Reached skill level 16 in Unarmed Combat
 25460 | Elf:2    | Gained mutation: You have an increased reservoir of magic. (+10% MP) [evolution]
 25460 | Elf:2    | Lost mutation: You evolve. [end of evolution]
 25500 | Elf:2    | HP: 5/124 [halberd of venom (6)]
 25603 | Elf:2    | Got an ichor-stained plate armour
 25618 | Elf:2    | Identified the +10 plate armour of Time Monsters {rF+ rC- rN+} (You found it on level 2 of the Elven Halls)
 25678 | Elf:2    | Got a jewelled cloak
 25689 | Elf:2    | Identified the +0 cloak of the Ladybird {rF+} (You acquired it on level 2 of the Elven Halls)
 26094 | Elf:2    | Gained mutation: A demonic guardian rushes to your aid. [demonic ancestry]
 26094 | Elf:2    | Reached XP level 17. HP: 100/129 MP: 21/30
 26185 | Elf:3    | Entered Level 3 of the Elven Halls
 26450 | Elf:3    | Noticed a deep elf blademaster
 26451 | Elf:3    | Noticed a deep elf master archer
 26457 | Elf:3    | Killed a deep elf blademaster
 26459 | Elf:3    | Reached skill level 15 in Shields
 26459 | Elf:3    | Killed a deep elf master archer
 26460 | Elf:3    | Noticed a deep elf master archer
 26460 | Elf:3    | Killed a ghostly deep elf blademaster
 26464 | Elf:3    | HP: 3/129 [deep elf master archer/arrow (34)]
 26464 | Elf:3    | Shot with an arrow by a deep elf master archer

Vault maps used:
D:1:      minmay_arrival_five_plusses
D:2:      grunt_ministairs_13, grunt_gozag_statues
D:3:      amethyst_overflow_temple_binary, minmay_tree_intersection,
          kb_xom_exploding_sheep, uniq_sigmund
D:4:      grunt_dithmenos_smoke, uniq_eustachio
D:5:      serial_curves, eino_curves_04, eino_curves_02, first_bread
D:6:      trog_ov_bears_minmay, uniq_crazy_yiuf_cottage
D:7:      kennysheep_housing_project
D:8:      lemuel_crystal_altar, lemuel_crystal_altar, lair_0_dummy,
          nicolae_ossuary_entry_monument
D:9:      kennysheep_little_box, david_orc_3, grunt_livestock,
          minmay_shop_grid_forest
D:10:     enter_bailey_3
D:13:     david_vaults_3, minmay_gold_behind_fungi, lemuel_flame_loot_1,
          uniq_maud
D:14:     hex_tiny
D:15:     hangedman_depths_entry_civil_slaughter, portal_ice_cave_entry_imps,
          minmay_stone_trees_medium
Temple:   nicolae_temple_elliptical
Lair:1:   lab_entry_generic, small_statue_intersection, lemuel_fruit_fields,
          serial_bayou_shore_a, serial_bayou_shore_b, grunt_megastairs_5
Lair:2:   spider_nest_entry_rubble, infiniplex_staircase_pool
Lair:3:   minmay_swamp_entry_swarm
Lair:4:   grunt_megastairs_3, infiniplex_staircase_pool_2, serial_bayou_shore_b,
          lemuel_fruit_fields
Lair:5:   dpeg_slime_entry_enclosed_altar
Lair:6:   minmay_lair_end_enchanted_forest
Orc:1:    basic_altar, mines2_david
Orc:2:    grunt_orc_cross, uniq_saint_roka
Elf:1:    eino_elf_arrival_customs, basic_altar, serial_shops, shop,
          hangedman_elf_represent, uniq_asterion, uniq_roxanne, uniq_frances
Elf:2:    serial_shops, nicolae_shop_trees
Elf:3:    grunt_elf_hall_asides, nooodl_food_tri, grunt_megastairs_4,
          uniq_louise
Lab:      nicolae_lab_grate, nicolae_lab_arrow, nicolae_lab_starburst,
          nicolae_lab_grate_2, lab_hedge, nicolae_lab_very_dead_end,
          labyrinth_skeletal_remains
Ossuary:  ossuary_tomb_2
Bailey:   bailey_axe_of_yendor_kennysheep, bailey
IceCv:    ice_cave_tombish

Skill      XL: |  1  2  3  4  5  6  7  8  9 10 11 12 13 14 15 16 17 |
---------------+----------------------------------------------------+-----
Axes           | 2 |  2.1
Fighting       | 4 5 6 7 8 9 10 | 10.7
Unarmed Combat | 1 3 5 6 8 10 11 12 13 14 15 16 | 16.7
Armour         | 4 5 7 8 9 |  9.1
Shields        | 4 6 7 9 10 11 12 14 15 | 15.1
Dodging        | 1 2 3 5 6 7 |  7.7
Invocations    | 4 7 9 11 12 13 14 | 14.7
Spellcasting   | 1 |  1.4
Transmutations | 1 |  1.0

Action                   |  1- 3 |  4- 6 |  7- 9 | 10-12 | 13-15 | 16-18 || total
-------------------------+-------+-------+-------+-------+-------+-------++-------
Melee: War axe           |    68 |       |       |       |       |       ||    68
       Unarmed           |    47 |   172 |   404 |   761 |  1443 |   333 ||  3160
       Bite              |       |       |       |       |    67 |    83 ||   150
Invok: Reject Sacrifices |       |       |     1 |       |       |       ||     1
       Renounce Religion |       |       |     1 |       |       |       ||     1
       Bend Time         |       |       |       |       |     4 |       ||     4
       Step From Time    |       |       |       |       |     2 |     1 ||     3
       Slouch            |       |       |       |       |     4 |     8 ||    12
       Temporal Distorti |       |       |       |       |     1 |       ||     1
Evoke: Wand              |       |       |       |     1 |     4 |       ||     5
  Use: Scroll            |       |     9 |    14 |     3 |    13 |     1 ||    40
       Potion            |       |     1 |       |     7 |     9 |     4 ||    21
 Stab: Invisible         |       |     1 |       |     2 |       |       ||     3
       Distracted        |       |       |     1 |     2 |    17 |     2 ||    22
       Sleeping          |       |       |       |     5 |     1 |     1 ||     7
  Eat: Chunk             |       |     7 |    11 |    13 |    41 |     4 ||    76
       Fruit             |       |       |       |     4 |       |       ||     4
       Beef jerky        |       |       |       |     2 |       |       ||     2
       Royal jelly       |       |       |       |       |       |     1 ||     1
Armor: Scale mail        |    54 |    11 |       |       |       |       ||    65
       Chain mail        |       |    54 |    37 |       |       |       ||    91
       Plate armour      |       |       |   126 |   245 |   236 |    66 ||   673
       Troll leather arm |       |       |       |    13 |    48 |     6 ||    67
       Skin              |       |       |       |    24 |     4 |       ||    28
Dodge: Dodged            |    45 |    17 |    43 |   147 |   331 |    78 ||   661
Block: Shield            |    58 |    66 |   184 |   571 |  1029 |   294 ||  2202
       Reflection        |       |       |       |     4 |    85 |    35 ||   124
